AoeStats
← Based Assad

Arena

505705226Analyzed
1v1 RM · 21d ago on Sep 10, 2026· 33m 31s· 2 players
Game mode
Random Map
Map size
Tiny (2 player)
Population
200
Speed
Normal
Resources
Standard
Victory
Conquest
Starting age
Dark Age
Ending age
Imperial Age
RankedLock teamsTeams togetherTeam positionsShared explorationLock speedFull tech treeHidden civsTurbo modeCheats
Victory
Defeat
🇨🇳 Turks · China
1043
+17
🇨🇷 Italians · Costa Rica
1060
-17
曹阿瞒
11:08 Feudal Age
15:16 Castle Age
13:10 Double-Bit Axe
13:36 Horse Collar
22:32 Imperial Age
20:55 Bow Saw
22:05 Heavy Plow
23:09 Wheelbarrow
25:18 Gold Mining
26:42 Stone Mining
27:29 Gold Shaft Mining
Based Assad
10:11 Feudal Age
17:19 Castle Age
15:24 Double-Bit Axe
15:26 Horse Collar
18:53 Bow Saw
19:51 Wheelbarrow
20:32 Forging
23:03 Fervor
27:08 Imperial Age
24:20 Elite Skirmisher
25:00 Gold Mining
26:11 Fletching
26:26 Padded Archer Armor
27:27 Redemption
28:18 Bodkin Arrow
28:16 Loom
29:26 Bracer
30:29 Leather Archer Armor
33:12 Block Printing
34:02 Conscription
34:15 Ballistics
34:55 Chemistry
34:34 Ring Archer Armor
Connection lost

Rejoining the realm…

Still unreachable

The connection could not be restored.

Session expired

The server has moved on; the page needs a fresh start.